 Dungeon Crawl Stone Soup version 0.29.1-15-g9cfb28693d (webtiles) character file.

Game seed: 6009437822403377072

558 burchardtist the Chopper (level 7, -1/91 HPs)
             Began as a Minotaur Berserker on Feb 22, 2023.
             Was a Believer of Trog.
             Slain by a gnoll
             ... wielding a +0 spear
             ... led by a gnoll bouda
              (7 damage)
             ... on level 5 of the Dungeon.
             The game lasted 00:36:52 (5245 turns).

burchardtist the Chopper (Minotaur Berserker)       Turns: 5245, Time: 00:36:53

Health: -1/91      AC:  6    Str: 23    XL:     7   Next: 9%
Magic:  6/6        EV: 11    Int:  4    God:    Trog [**....]
Gold:   222        SH:  0    Dex: 10    Spells: 6/6 levels left

rFire   . . .      SeeInvis .   a - +0 hand axe
rCold   . . .      Faith    .   (no shield)
rNeg    . . .      Spirit   .   C - +0 scale mail
rPois   .          Reflect  .   (helmet restricted)
rElec   .          Harm     .   (no cloak)
rCorr   .          Rampage  .   (no gloves)
Will    .....                   (no boots)
Stlth   ..........              (no amulet)
HPRegen 0.25/turn               (no ring)
MPRegen 0.10/turn               (no ring)

@: berserking, very quick
A: horns 2, retaliatory headbutt
a: Renounce Religion, Berserk, Trog's Hand


You were on level 5 of the Dungeon.
You worshipped Trog.
Trog was pleased with you.
You visited 1 branch of the dungeon, and saw 5 of its levels.

You collected 222 gold pieces.

Inventory:

Hand Weapons
 a - a +0 hand axe (weapon)
 d - a +0 short sword
 n - a +0 sling of flaming
 w - a +0 dagger of speed
Missiles
 i - 3 poisoned darts (quivered)
 o - 40 stones
 s - 3 silver boomerangs
 t - 4 boomerangs
Armour
 b - a +0 animal skin
 f - a +0 ring mail
 h - a +2 leather armour of fire resistance
 q - a +0 ring mail
 C - a +0 scale mail (worn)
Jewellery
 r - a ring of protection from cold
Wands
 p - a wand of acid (6)
 u - a wand of charming (15)
Scrolls
 j - 6 scrolls of identify {unknown}
 k - 2 scrolls of enchant armour {unknown}
 m - a scroll of fear {unknown}
 y - 6 scrolls of teleportation {unknown}
 B - a scroll of magic mapping {unknown}
 E - a scroll of enchant weapon {unknown}
Potions
 c - 3 potions of heal wounds {unknown}
 e - 2 potions of curing {unknown}
 g - 2 potions of lignification {unknown}
 l - a potion of mutation {unknown}
 v - a potion of cancellation {unknown}
 x - a potion of ambrosia {unknown}
 z - a potion of attraction {unknown}
 A - a potion of berserk rage {unknown}
 D - 3 potions of brilliance {unknown}


   Skills:
 + Level 5.3 Fighting
 + Level 6.7 Axes
 + Level 2.3 Ranged Weapons
 + Level 3.5 Armour
 + Level 3.9 Dodging
 + Level 1.3 Stealth


You had 6 spell levels left.
You didn't know any spells.
Your spell library was empty.

Dungeon Overview and Level Annotations

Branches:
Dungeon (5/15)
 Temple: D:4-7

Altars:
Dithmenos
Elyvilon
Fedhas
Gozag
Nemelex Xobeh
Ru


Innate Abilities, Weirdness & Mutations

You have a pair of horns on your head.
You reflexively headbutt those who attack you in melee.


Message History

The gnoll bouda is heavily wounded.
The gnoll hits you from afar with a +0 halberd.
The gnoll bouda hits you but does no damage.
A red film seems to cover your vision as you go berserk!
You feel yourself moving faster!
You feel mighty!
The gnoll hits you from afar with a +0 halberd!
You hit the gnoll bouda but do no damage.
The gnoll bouda is heavily wounded.
The gnoll hits you from afar with a +0 halberd.
* * * LOW HITPOINT WARNING * * *
The gnoll bouda barks out a call to the hunt!
The gnoll picks up the pace!
You hit the gnoll bouda. Your headbutt misses the gnoll bouda.
The gnoll bouda is severely wounded.
You hit the gnoll bouda.
The gnoll bouda is severely wounded.
The gnoll hits you from afar with a +0 halberd.
* * * LOW HITPOINT WARNING * * *
The gnoll hits you from afar with a +0 spear.
* * * LOW HITPOINT WARNING * * *
The gnoll bouda hits you with a +0 club.
* * * LOW HITPOINT WARNING * * *
You barely miss the gnoll bouda.
The gnoll shouts!
You headbutt the gnoll bouda!
You kill the gnoll bouda!
Trog accepts your kill. The gnoll barely misses you.
The gnoll hits you from afar with a +0 spear.
* * * LOW HITPOINT WARNING * * *
Things that are here:
a +0 club; a +0 robe; a gnoll corpse You feel a strong urge to attack something.
The gnoll hits you from afar with a +0 halberd.
* * * LOW HITPOINT WARNING * * *
You slash the gnoll!
The gnoll is severely wounded.
A jelly comes into view.
The gnoll closely misses you. The gnoll hits you with a +0 spear!
You die...

## .. .# ## ###
.###... #..
......g
##.#####.......
#....gg#....g..
# ##..@#.....# .
#J#.#...### .
#.#<#...# ##. #
###..... #<.
#...... #....(.
#.......##......
##.....####.....
#...... #.....
#.....


You could see a jelly (wandering) and 2 gnolls.

Vanquished Creatures
  An ogre (D:3)
  A phantom (D:4)
  A necrophage (D:4)
  A scorpion (D:4)
  An orc priest (D:3)
  2 hounds
  A gnoll bouda (D:5)
  Ijyb (D:3)
  A gnoll (D:5)
  3 adders
  A worm (D:3)
  A dart slug (D:2)
  6 orcs
  11 ball pythons
  6 endoplasms
  4 giant cockroaches
  9 goblins
  8 hobgoblins
  2 jackals (D:1)
  4 quokkas
  6 bats
  3 frilled lizards
  6 kobolds
  4 rats
  2 toadstools (D:1)
86 creatures vanquished.

Vanquished Creatures (others)
  2 toadstools (D:1)
2 creatures vanquished.

Grand Total: 88 creatures vanquished

Notes
Turn   | Place    | Note
-------+----------+-------------------------------------------
     0 | D:1      | burchardtist the Minotaur Berserker began the quest for the
                  | Orb.
     0 | D:1      | Reached XP level 1. HP: 19/19 MP: 0/0
   540 | D:1      | Found a faded altar of an unknown god.
   631 | D:1      | Reached XP level 2. HP: 27/27 MP: 1/1
   679 | D:1      | Reached skill level 4 in Axes
  1286 | D:2      | Reached XP level 3. HP: 27/33 MP: 2/2
  1351 | D:2      | Found a sacrificial altar of Ru.
  1804 | D:2      | Reached ** piety under Trog
  2385 | D:3      | Reached XP level 4. HP: 40/41 MP: 3/3
  2394 | D:3      | Noticed Ijyb
  2407 | D:3      | Killed Ijyb
  2408 | D:3      | Reached skill level 1 in Ranged Weapons
  2521 | D:3      | Reached skill level 5 in Axes
  2696 | D:3      | Reached XP level 5. HP: 43/47 MP: 4/4
  3343 | D:4      | Noticed an ogre
  3360 | D:4      | Noticed a phantom
  3367 | D:3      | Killed an ogre
  3373 | D:4      | Killed a phantom
  3374 | D:4      | Reached skill level 1 in Stealth
  3374 | D:4      | Reached XP level 6. HP: 6/55 MP: 5/5
  3647 | D:4      | Found an opulent altar of Gozag.
  4064 | D:4      | Reached skill level 5 in Fighting
  4064 | D:4      | Reached skill level 6 in Axes
  4547 | D:4      | Found a blossoming altar of Fedhas.
  4547 | D:4      | Found a shadowy altar of Dithmenos.
  4988 | D:5      | Entered Level 5 of the Dungeon
  5088 | D:4      | Found a sparkling altar of Nemelex Xobeh.
  5090 | D:4      | Found a white marble altar of Elyvilon.
  5204 | D:5      | Reached XP level 7. HP: 61/61 MP: 6/6
  5245 | D:5      | Slain by a gnoll

Illustrated notes

Levels and vault maps discovered:
D:1:      ldierk_water_garden, layout_basic,
          dreamdust_ecumenical_altar_angels_and_demons
D:2:      layout_basic, serial_co_window_serial, co_window_paths_a,
          co_window_paths_a, co_window_corner_a, co_window_of_opportunity_a,
          co_window_of_opportunity_a, co_window_broadway_c,
          co_window_broadway_a, co_window_unsneaky_path_d, co_window_corner_cb,
          co_window_broadway_a, co_window_of_opportunity_b, co_window_paths_d,
          glass_columns_a, glass_columns_b, glass_columns_c, basic_altar
D:3:      layout_loops_ring, minmay_quantized, uniq_ijyb
D:4:      layout_basic, nicolae_overflow_hidden_temple,
          nicolae_overflow_two_pavilions
D:5:      layout_basic, mainiacjoe_overflow_catwalk, chei_slow_surprise,
          minmay_temple_entry_wispy

Skill      XL: |  1  2  3  4  5  6 |
---------------+-------------------+-----
Axes           | 4 5 6 |  6.7
Fighting       | 4 5 |  5.3
Ranged Weapons | 1 2 |  2.3
Dodging        | 3 |  3.9
Armour         | 3 |  3.5
Stealth        | 1 |  1.3

Action                   |  1- 3 |  4- 6 |  7- 9 || total
-------------------------+-------+-------+-------++-------
Melee: Hand axe          |    81 |   115 |    12 ||   208
       Headbutt          |     4 |    25 |     2 ||    31
       Punch             |       |     1 |       ||     1
 Fire: Sling             |    14 |       |       ||    14
Invok: Berserk           |     1 |     1 |     1 ||     3
Armor: Animal skin       |     3 |       |       ||     3
       Leather armour    |    32 |    17 |       ||    49
       Scale mail        |       |     7 |     2 ||     9
Dodge: Dodged            |    62 |    53 |     8 ||   123
